 Dungeon Crawl Stone Soup version 0.27-a0-1200-g94dc6ad4cf (webtiles) character file.

Game seed: 14548140261873255536

326 polve the Skirmisher (level 6, -1/50 HPs)
             Began as a Demonspawn Abyssal Knight on June 1, 2021.
             Was a Priest of Lugonu.
             Slain by a water moccasin (7 damage)
             ... on level 4 of the Dungeon.
             The game lasted 00:05:24 (5178 turns).

polve the Skirmisher (Demonspawn Abyssal Knight)    Turns: 5178, Time: 00:05:25

Health: -1/50      AC: 11    Str: 14    XL:     6   Next: 24%
Magic:  7/7        EV:  3    Int: 13    God:    Lugonu [***...]
Gold:   285        SH:  7    Dex: 13    Spells: 5/5 levels left

rFire    . . .     SeeInvis .     - Unarmed
rCold    . . .     Faith    .   l - +0 buckler
rNeg     . . .     Spirit   .   r - +0 plate armour
rPois    .         Reflect  .   d - +0 helmet
rElec    .         Harm     .   (no cloak)
rCorr    .         Rampage  .   (no gloves)
Will     .....                  (no boots)
Stlth    ..........             (no amulet)
HPRegen  0.16/turn              (no ring)
MPRegen  0.20/turn              (no ring)

@: no status effects
A: claws 2, magic regeneration, condensation shield
a: Renounce Religion, Depart the Abyss, Bend Space, Banish


You were on level 4 of the Dungeon.
You worshipped Lugonu.
Lugonu was most pleased with you.
You visited 1 branch of the dungeon, and saw 5 of its levels.
You visited the Abyss 1 time.

You collected 285 gold pieces.

Inventory:

Armour
 d - a +0 helmet (worn)
 l - a +0 buckler (worn)
 r - a +0 plate armour (worn)
Jewellery
 i - a ring of positive energy
Wands
 c - a wand of polymorph (4)
Scrolls
 b - 2 scrolls of blinking {unknown}
 e - 2 scrolls of identify {unknown}
 f - 2 scrolls of enchant armour {unknown}
 g - a scroll of fog {unknown}
 j - a scroll of amnesia {unknown}
 n - 2 scrolls of fear {unknown}
 o - a scroll of noise {unknown}
 q - a scroll of torment {unknown}
Potions
 a - a potion of brilliance {unknown}
 h - 2 potions of curing
 k - 2 potions of degeneration {unknown}
 m - 2 potions of flight {unknown}
 p - a potion of attraction {unknown}
 s - a potion of lignification {unknown}


   Skills:
 + Level 4.9 Fighting
 - Level 1.7 Short Blades
 - Level 1.4 Axes
 - Level 1.7 Armour
 - Level 0.8 Dodging
 - Level 4.0 Unarmed Combat
 - Level 2.4 Invocations


You had 5 spell levels left.
You didn't know any spells.
Your spell library contained the following spells:

 Spells                   Type           Power      Damage    Failure   Level
 Magic Dart               Conj           0%         1d3       100%        1
 Blink                    Tloc           N/A        N/A       100%        2
 Call Imp                 Summ           0%         N/A       100%        2
 Searing Ray              Conj           0%         3d3       100%        2
 Slow                     Hex            0%         N/A       100%        2
 Conjure Flame            Conj/Fire      0%         6-21      100%        3
 Dazzling Flash           Conj/Hex       0%         N/A       100%        3
 Mephitic Cloud           Conj/Pois/Air  0%         N/A       100%        3
 Fulminant Prism          Conj/Hex       0%         3d6       100%        4
 Iskenderun's Mystic Bla  Conj/Tloc      0%         2d3       100%        4


Dungeon Overview and Level Annotations

Branches:
Dungeon (5/15)             Temple (0/1) D:4

Altars:
Cheibriados
Gozag
Makhleb
Trog
Wu Jian
Yredelemnul


Innate Abilities, Weirdness & Mutations

You have very sharp fingernails.
You regenerate magic rapidly.
A meltable shield of frost defends you. (SH +4)


Message History

You scratch the water moccasin but do no damage.
The water moccasin is moderately wounded.
You feel sick.
You are no longer poisoned.
You block the water moccasin's attack. x2
It was a potion of curing.
You feel better. You block the water moccasin's attack.
You scratch the water moccasin.
The water moccasin is heavily wounded.
The water moccasin bites you.
* * * LOW HITPOINT WARNING * * *
The water moccasin bites you but does no damage.
You miss the water moccasin.
The water moccasin is heavily wounded.
The water moccasin barely misses you.
You scratch the water moccasin.
The water moccasin is severely wounded.
The water moccasin bites you.
* * * LOW HITPOINT WARNING * * *
You are lethally poisoned!
The water moccasin poisons you! The water moccasin bites you.
* * * LOW HITPOINT WARNING * * *
You are more poisoned.
The water moccasin poisons you!
You feel better.
The water moccasin bites you but does no damage.
You barely miss the water moccasin.
The water moccasin is severely wounded.
The water moccasin barely misses you.
You closely miss the water moccasin.
The water moccasin is severely wounded.
The water moccasin bites you.
* * * LOW HITPOINT WARNING * * *
The water moccasin bites you but does no damage.
You feel better. The water moccasin bites you!
* * * LOW HITPOINT WARNING * * *
You closely miss the water moccasin.
The water moccasin is severely wounded.
The water moccasin bites you!
You die...

# #(#.# # #.#.#
##############.#.#
##.............#.#
.#.#############.####
.#<####.#..)........#
......#.#.#####.###.#
#.#.....#.#...#.###.##
...............S@....#
..#...........#.######
###..###.####.#.#
.....###........#
####..........###
#......##### #
#......# ####......#
.##...)##'#######


You could see a water moccasin.

Vanquished Creatures
  A phantom (D:4)
  A hound (D:4)
  A centaur skeleton (D:4)
  A jelly (D:4)
  Robin (D:3)
  3 adders
  An adder skeleton (D:4)
  A worm (D:3)
  A dart slug (D:1)
  3 orcs
  7 bats
  9 endoplasms
  4 giant cockroaches
  19 goblins
  12 hobgoblins
  11 jackals
  9 kobolds
  2 quokkas
  6 ball pythons
  4 frilled lizards
  9 rats
106 creatures vanquished.

Notes
Turn   | Place    | Note
-------+----------+-------------------------------------------
     0 | Abyss:1  | polve the Demonspawn Abyssal Knight began the quest for the
                  | Orb.
     0 | Abyss:1  | Reached XP level 1. HP: 18/18 MP: 2/2
    46 | Abyss:2  | Noticed a small abomination
    76 | Abyss:2  | Noticed a smoke demon
    83 | D:1      | Escaped the Abyss
   409 | D:1      | Found a faded altar of an unknown god.
   431 | D:1      | Reached skill level 1 in Axes
   434 | D:1      | Reached * piety under Lugonu
   563 | D:1      | Gained mutation: You have sharp fingernails. [demonic
                  | ancestry]
   563 | D:1      | Reached XP level 2. HP: 24/24 MP: 3/3
   722 | D:1      | Reached skill level 1 in Unarmed Combat
  1151 | D:1      | Gained mutation: A meltable shield of frost defends you.
                  | (SH +4) [demonic ancestry]
  1151 | D:1      | Reached XP level 3. HP: 22/29 MP: 4/4
  1883 | D:1      | Reached ** piety under Lugonu
  2593 | D:2      | Gained mutation: You have very sharp fingernails. [demonic
                  | ancestry]
  2593 | D:2      | Reached XP level 4. HP: 31/35 MP: 5/5
  3220 | D:3      | Noticed Robin
  3278 | D:3      | Killed Robin
  3685 | D:3      | Reached *** piety under Lugonu
  3784 | D:3      | Reached XP level 5. HP: 37/41 MP: 6/6
  4136 | D:3      | Found a burning altar of Makhleb.
  4143 | D:3      | Found a bloodstained altar of Trog.
  4147 | D:3      | Found a basalt altar of Yredelemnul.
  4150 | D:3      | Found an opulent altar of Gozag.
  4151 | D:3      | Found a snail-covered altar of Cheibriados.
  4153 | D:3      | Found an ornate altar of the Wu Jian Council.
  4665 | D:4      | Found a staircase to the Ecumenical Temple.
  5030 | D:4      | Noticed a phantom
  5041 | D:4      | Killed a phantom
  5042 | D:4      | Gained mutation: You regenerate magic rapidly. [demonic
                  | ancestry]
  5042 | D:4      | Reached XP level 6. HP: 40/50 MP: 7/7
  5143 | D:5      | Entered Level 5 of the Dungeon
  5143 | D:5      | Noticed a water moccasin
  5178 | D:4      | Slain by a water moccasin

Illustrated notes

Levels and vault maps discovered:
D:1:      psy_arrival_radial02, layout_basic, hellmonk_ecumenical_altar_blasted
D:2:      layout_basic
D:3:      layout_loops_corners, minitemple, cheibrodos_sewer_entry_sluice,
          minmay_goblin_outpost, uniq_robin
D:4:      layout_basic, minmay_temple_entry_offerings
D:5:      layout_basic, gammafunk_temple_overflow_statue, uniq_duvessa

Skill      XL: |  1  2  3  4  5 |
---------------+----------------+-----
Axes           | 1 |  1.4
Unarmed Combat | 1 2 3 4 |  4.0
Fighting       | 4 |  4.9
Short Blades   | |  1.7
Armour         | |  1.7
Dodging        | |  0.8
Invocations    | |  2.4

Action                   |  1- 3 |  4- 6 || total
-------------------------+-------+-------++-------
Melee: War axe           |   119 |    13 ||   132
       Unarmed           |       |   161 ||   161
       Punch             |       |     1 ||     1
Invok: Depart the Abyss  |     1 |       ||     1
  Use: Potion            |       |     3 ||     3
Armor: Leather armour    |    29 |       ||    29
       Scale mail        |    14 |    51 ||    65
       Plate armour      |       |    59 ||    59
Dodge: Dodged            |    75 |    50 ||   125
Block: Other             |    14 |     2 ||    16
       Buckler           |       |    55 ||    55

Table legend: (Time is in decaauts)
 A = Elapsed time spent in this place.
 B = Non-inter-level travel time spent in this place.
 C = Inter-level travel time spent in this place.
 D = Time resting spent in this place.
 E = Time spent auto-exploring this place.
 F = Levels seen in this place.
 G = Mean time per level.
                   A        B        C        D        E       F      G
               +--------+--------+--------+--------+--------+-----+--------+
         Total |   5239 |   5142 |     97 |      0 |   4349 |   7 |  748.4 |
       Dungeon |   5156 |   5059 |     97 |      0 |   4334 |   5 | 1031.2 |
         Abyss |     82 |     82 |      0 |      0 |     15 |   2 |   41.0 |
               +--------+--------+--------+--------+--------+-----+--------+

Top non-repeatable levels by time:
     D:1: 1965 daAuts
     D:3: 1636 daAuts
     D:2: 863 daAuts
     D:4: 683 daAuts
 Abyss:2: 64 daAuts
 Abyss:1: 18 daAuts
     D:5: 7 daAuts
